 Dungeon Crawl Stone Soup version 0.13-a0-2641-gc68e7bd (webtiles) character file.

340 M4edhros the Stinger (level 4, -10/34 HPs)
             Began as a Demigod Wanderer on Aug 7, 2013.
             Mangled by Prince Ribbit (16 damage)
             ... on Level 4 of the Dungeon.
             The game lasted 00:09:36 (3426 turns).

M4edhros the Stinger (Demigod Wanderer)             Turns: 3426, Time: 00:09:36

HP -10/34        AC  2     Str 16      XL: 4   Next: 76%
MP   4/13        EV 11     Int 16      God:
Gold 197         SH  0     Dex 17      Spells:  2 memorised,  7 levels left

Res.Fire  : + . .   See Invis. : .   n - +1,+3 orc war axe
Res.Cold  : + . .   Warding    : .   b - +0 robe
Life Prot.: . . .   Conserve   : +   (no shield)
Res.Poison: +       Res.Corr.  : .   (no helmet)
Res.Elec. : +       Clarity    : .   (no cloak)
Sust.Abil.: . .     Spirit.Shd : .   (no gloves)
Res.Mut.  : .       Stasis     : .   (no boots)
Res.Rott. : .       Flight     : .   o - amulet of conservation
Saprovore : . . .                    x - ring of invisibility
                                     f - ring of wizardry

@: slightly resistant to hostile enchantments, unstealthy
A: no striking features
a: Evoke Invisibility


You were on level 4 of the Dungeon.
You were hungry.

You visited 1 branch of the dungeon, and saw 4 of its levels.

You collected 147 gold pieces.

Inventory:

Hand weapons
 c - a +0,+0 dagger (quivered)
 n - a +1,+3 orcish war axe (weapon)
Missiles
 v - 5 poisoned darts
Armour
 b - a +0 robe (worn)
Comestibles
 d - 3 bread rations
 p - a choko
 q - a meat ration
Scrolls
 e - 2 scrolls of remove curse {unknown}
 i - 2 scrolls of enchant weapon II {unknown}
 j - a scroll of identify
 m - 2 scrolls of curse armour {unknown}
 s - a scroll of teleportation {unknown}
 u - 2 scrolls of noise {unknown}
 w - a scroll of amnesia {unknown}
 y - a scroll of magic mapping {unknown}
Jewellery
 f - a ring of wizardry (left hand)
 o - an amulet of conservation (around neck)
 t - an uncursed ring of sustenance {unknown}
 x - a ring of invisibility (right hand)
Potions
 g - a potion of heal wounds {unknown}
 h - a potion of flight {unknown}
 k - a potion of agility {unknown}
 l - a potion of resistance
Books
 a - a Young Poisoner's Handbook

   Spells                             Type                      Level
   *Sting                             Conjuration/Poison           1
   Cure Poison                        Poison                       2
   Mephitic Cloud                     Conjuration/Poison/Air       3
   Olgreb's Toxic Radiance            Poison                       4
   Venom Bolt                         Conjuration/Poison           5


   Skills:
   Level 1.0 Shields
 + Level 3.0 Spellcasting
   Level 1.0 Translocations
 + Level 5.8 Poison Magic
 - Level 1.0 Evocations


You had 7 spell levels left.
You knew the following spells:

 Your Spells              Type           Power        Failure   Level  Hunger
a - Corona                Hex            #......      8%          1    #......
b - Sting                 Conj/Pois      ##..         3%          1    #......


Dungeon Overview and Level Annotations

Branches:
Dungeon (4/27)
 Temple: D:4-7

Annotations
D:4 Prince Ribbit


Message History

Press: ? - help, Shift-Dir - straight line, f/p - Prince Ribbit
Aim: Prince Ribbit (heavily wounded, poisoned)
The sting misses Prince Ribbit.
Prince Ribbit barely misses you. Prince Ribbit closely misses you.
Drink which item? (? for menu, Esc to quit)
You feel better. Prince Ribbit hits you!
* * * LOW HITPOINT WARNING * * *
You aren't carrying any items that can be evoked.
Casting: Sting
Confirm with . or Enter, or press ? or * to list all spells.
Okay, then.
Okay, then.
Read which item? (? for menu, Esc to quit)
Okay, then.
Drink which item? (? for menu, Esc to quit)
You feel protected.
It was a potion of resistance.
Prince Ribbit closely misses you.
Prince Ribbit catches a blue-tailed skink with his tongue.
Prince Ribbit hits you!
You die...

... .#.......
........%
#........###.
#...........
#.........####
#.............
###.....F...######.##
#.......@.............
#.#..#.##...#..###.##
#.........#<..#
##...##.$.#.### #..
#....... #. #....#..#
# #....#..# .....#..#
......#..#


You could see Prince Ribbit.

Vanquished Creatures
  3 adders
  5 gnolls
  A giant mite (D:2)
  2 giant geckos
  An ooze (D:1)
  A ball python (D:3)
  7 bats
  3 giant cockroaches
  3 goblins
  7 hobgoblins
  7 jackals (D:3)
  5 kobolds
  A quokka (D:3)
  3 giant newts
  6 rats
55 creatures vanquished.

Vanquished Creatures (others)
  A big fish (D:3)
  A ball python (D:3)
2 creatures vanquished.

Grand Total: 57 creatures vanquished

Notes
Turn   | Place    | Note
--------------------------------------------------------------
     0 | D:1      | M4edhros, the Demigod Wanderer, began the quest for the Orb.
     0 | D:1      | Reached XP level 1. HP: 15/15 MP: 5/5
     2 | D:1      | Learned a level 1 spell: Sting
   524 | D:1      | Reached XP level 2. HP: 16/22 MP: 1/6
   589 | D:1      | Reached skill level 5 in Poison Magic
  1589 | D:2      | Reached XP level 3. HP: 14/27 MP: 1/9
  2575 | D:3      | Found a white marble altar of Elyvilon.
  2789 | D:3      | Reached XP level 4. HP: 30/34 MP: 8/12
  3411 | D:4      | Noticed Prince Ribbit
  3426 | D:4      | Mangled by Prince Ribbit

Action                   |  1- 3 |  4- 6 || total
-------------------------+-------+-------++-------
Melee: Dagger            |    91 |       ||    91
       War axe           |    25 |    32 ||    57
 Cast: Sting             |    44 |    33 ||    77
  Use: Potion            |     1 |     2 ||     3
       Scroll            |     1 |       ||     1
